Map: Vallée des cactus EC

Players

protostitute - Winner!

  • Race: Zerg Zerg

AgCl

  • Race: Protoss Protoss

VOD

Have the link to the VOD?

Description

Time

  • Played on: May 6, 2015, 8:46 p.m.
  • Length: 8:16
Show
View Real Time Build Order
Export as new Build Order

protostitute Zerg - Winner!

Build Orders: Hatch First 

Get SALT Encoding   

  12  0:08  Overlord  
  12  0:17  Drone x2  
  14  0:28  Drone  
  15  0:31  Drone  
  16  0:41  Drone  
  17  0:55  Hatchery, Drone  
  17  1:03  Drone  
  18  1:09  Extractor  
  17  1:16  Spawning Pool  
  17  1:18  Drone  
  17  1:24  Drone  
  18  1:34  Overlord  
  18  1:56  Hatchery  
  17  2:04  Drone x2  
  17  2:07  Drone  
  20  2:10  Metabolic Boost  
  20  2:21  Drone x3  
  23  2:29  Zergling x4  
  25  2:36  Queen  
  26  2:50  Spine Crawler  
  25  2:54  Spine Crawler  
  23  2:59  Spine Crawler  
  23  3:07  Spine Crawler  
  22  3:22  Spine Crawler  
  22  3:24  Drone x2  
  22  3:26  Queen  
  25  3:35  Spine Crawler  
  24  3:49  Zergling x2  
  24  3:50  Zergling x12  
  28  4:15  Drone  
  28  4:16  Drone x4  
  32  4:37  Drone x3  
  34  4:56  Drone  
  34  4:57  Drone x5  
  40  5:08  Overlord x2  
  40  5:17  Queen  
  41  5:22  Zergling x2  
  41  5:27  Queen  
  40  5:54  Spore Crawler  
  33  6:04  Drone  
  33  6:05  Drone x5  
  35  6:11  Hatchery  
  35  6:13  Hatchery  
  35  6:17  Spore Crawler  
  32  6:21  Drone x2  
  34  6:26  Zergling x2  
  34  6:27  Zergling x12  
  34  6:29  Queen  
  34  6:32  Drone x2  
  45  6:58  Spore Crawler  
  45  7:00  Spore Crawler  
  43  7:01  Zergling x2  
  43  7:02  Zergling x12  
  43  7:03  Overlord  
  43  7:04  Overlord x3  
  49  7:28  Zergling x2  
  49  7:29  Zergling x28  
  56  7:43  Drone x7  
  63  7:48  Spore Crawler  
  63  7:49  Spore Crawler  
  61  7:59  Drone x3  
  61  8:00  Drone x5  
Show
View Real Time Build Order
Export as new Build Order

AgCl Protoss 

Build Orders:  

Get SALT Encoding   

  12  0:26  Pylon  
  12  0:55  Probe (Chrono Boost), Forge  
  12  0:56  Gateway  
  13  1:07  Probe (Chrono Boost)  
  14  1:14  Probe (Chrono Boost)  
  15  1:24  Probe  
  16  1:28  Assimilator  
  16  1:37  Probe  
  17  1:49  Probe (Chrono Boost)  
  17  1:51  Pylon  
  18  2:00  Pylon  
  18  2:01  Probe (Chrono Boost)  
  19  2:04  Zealot  
  21  2:10  Probe (Chrono Boost), Photon Cannon  
  22  2:18  Probe  
  22  2:20  Pylon  
  23  2:25  Gateway  
  23  2:36  Photon Cannon  
  23  2:40  Probe (Chrono Boost)  
  25  2:51  Probe (Chrono Boost)  
  25  2:59  Photon Cannon  
  25  3:01  Probe  
  27  3:20  Cybernetics Core, Probe (Chrono Boost)  
  27  3:26  Assimilator  
  29  3:31  Probe (Chrono Boost)  
  28  3:54  Nexus  
  28  3:58  Gateway  
  28  4:02  Probe  
  27  4:12  Stargate  
  27  4:14  Probe  
  27  4:39  Photon Cannon  
  27  4:54  Zealot (Chrono Boost)  
  27  4:57  Pylon  
  27  4:58  Oracle (Chrono Boost), Photon Cannon, Assimilator  
  34  5:00  Mothership Core (Chrono Boost)  
  35  5:10  Probe (Chrono Boost)  
  34  5:14  Probe (Chrono Boost)  
  34  5:18  Probe  
  33  5:26  Probe  
  34  5:30  Probe  
  34  5:31  Void Ray (Chrono Boost)  
  38  5:38  Probe  
  35  5:43  Probe  
  35  5:50  Probe  
  36  6:07  Probe (Chrono Boost)  
  36  6:08  Void Ray (Chrono Boost)  
  42  6:13  Probe (Chrono Boost)  
  42  6:16  Probe (Chrono Boost)  
  43  6:20  Probe (Chrono Boost)  
  44  6:38  Photon Cannon  
  44  6:39  Pylon  
  44  6:41  Fleet Beacon, Assimilator  
  44  6:57  Probe x2  
  46  7:09  Probe (Chrono Boost)  
  46  7:11  Probe (Chrono Boost)  
  46  7:15  Photon Cannon  
  48  7:16  Pylon  
  48  7:21  Probe (Chrono Boost)  
  50  7:27  Probe (Chrono Boost)  
  48  7:34  Probe (Chrono Boost)  
  46  7:37  Probe (Chrono Boost)  
  47  7:45  Probe (Chrono Boost)  
  47  7:49  Probe (Chrono Boost)  
  48  7:52  Probe (Chrono Boost), Pylon  
  48  7:58  Probe  
  50  8:00  Nexus  
  50  8:06  Pylon  
  50  8:09  Pylon  
Tags
 
Add a new tag
Caveats
  • Supply blocks, unpowered buildings, or Contaminate may cause inaccurate times.
  • Supply counts are checked every 10 seconds.